 Dungeon Crawl Stone Soup version 0.28.0-53-g5a82cb258f (webtiles) character file.

Game seed: 12051636743217735882

1701 issech the Cleaver (level 8, -2/71 HPs)
             Began as a Minotaur Monk on June 1, 2022.
             Succumbed to a gnoll sergeant's poison
             ... on level 4 of the Dungeon.
             The game lasted 00:13:36 (6180 turns).

issech the Cleaver (Minotaur Monk)                  Turns: 6180, Time: 00:13:36

Health: -2/71      AC: 10    Str: 17    XL:     8   Next: 73%
Magic:  7/7        EV:  9    Int:  7    God:
Gold:   432        SH:  0    Dex: 14    Spells: 7/7 levels left

rFire   . . .      SeeInvis +   s - +2 hand axe (flame)
rCold   . . .      Faith    .   (no shield)
rNeg    . . .      Spirit   .   g - +0 chain mail
rPois   .          Reflect  .   (helmet restricted)
rElec   .          Harm     .   (no cloak)
rCorr   .          Rampage  .   (no gloves)
Will    .....                   (no boots)
Stlth   ..........              (no amulet)
HPRegen 0.21/turn               q - ring of see invisible
MPRegen 0.10/turn               (no ring)

@: lethally poisoned (-2 -> -33)
A: horns 2, retaliatory headbutt
a: no special abilities


You were on level 4 of the Dungeon.
You visited 1 branch of the dungeon, and saw 5 of its levels.

You collected 432 gold pieces.

Inventory:

Hand Weapons
 a - a +0 hand axe
 e - a +0 hunting sling
 i - a +0 quarterstaff
 k - a +0 lajatang
 m - a +0 war axe
 s - a +2 hand axe of flaming (weapon)
 t - a +0 hunting sling
 w - a +2 flail of holy wrath
 x - a +0 morningstar
 y - a +0 hand axe
 F - a +0 long sword
 G - a +0 spear
 H - a +0 whip
 I - a +0 hand axe
Missiles
 b - 94 arrows
 c - 42 sling bullets
 h - 70 stones (quivered)
 v - 3 boomerangs
 z - a throwing net
 L - 16 bolts
Armour
 g - a +0 chain mail (worn)
 E - a +2 leather armour of fire resistance
 J - a +0 ring mail
Magical Staves
 u - a staff of poison
Jewellery
 q - a ring of see invisible (left hand)
 r - a +4 ring of evasion
Wands
 B - a wand of polymorph (11)
Scrolls
 f - 4 scrolls of teleportation {unknown}
 j - a scroll of fear {unknown}
 l - 5 scrolls of identify {unknown}
 n - a scroll of brand weapon {unknown}
 o - a scroll of enchant armour {unknown}
 p - a scroll of blinking {unknown}
 D - a scroll of noise {unknown}
Potions
 d - a potion of magic {unknown}
 A - a potion of ambrosia {unknown}
 C - a potion of brilliance {unknown}
 K - a potion of curing {unknown}


   Skills:
 + Level 6.7 Fighting
 + Level 8.4 Axes
 + Level 3.3 Slings
 + Level 0.3(1.8) Throwing
 + Level 7.7 Armour
 + Level 4.1 Dodging
 + Level 1.9 Stealth
 + Level 0.8 Unarmed Combat


You had 7 spell levels left.
You didn't know any spells.
Your spell library contained the following spells:

 Spells                   Type           Power      Damage    Failure   Level
 Apportation              Tloc           0%         N/A       99%         1
 Summon Small Mammal      Summ           0%         N/A       99%         1
 Call Canine Familiar     Summ           0%         N/A       100%        3
 Animate Armour           Summ/Erth      0%         N/A       100%        4
 Petrify                  Tmut/Erth      0%         N/A       100%        4
 Alistair's Intoxication  Tmut/Pois      0%         N/A       100%        5
 Metabolic Englaciation   Hex/Ice        0%         N/A       100%        5
 Statue Form              Tmut/Erth      0%         N/A       100%        6


Dungeon Overview and Level Annotations

Branches:
Dungeon (5/15)
 Temple: D:4-7

Altars:
Nemelex Xobeh

Shops:
D:5 *


Innate Abilities, Weirdness & Mutations

You have a pair of horns on your head.
You reflexively headbutt those who attack you in melee.


Message History

The gnoll sergeant hits you from afar with a +3 spear of venom!
You are poisoned.
You feel very sick.
The gnoll sergeant hits you but does no damage.
You are more poisoned.
You hit the gnoll sergeant. You burn the gnoll sergeant.
Your headbutt misses the gnoll sergeant.
The gnoll sergeant is lightly wounded.
You feel very sick.
The gnoll sergeant hits you with a +3 spear of venom.
You slash the gnoll sergeant! You burn the gnoll sergeant.
Your headbutt misses the gnoll sergeant.
The gnoll sergeant is heavily wounded.
You feel very sick.
The gnoll sergeant hits you with a +3 spear of venom.
You are more poisoned.
You hit the gnoll sergeant but do no damage.
The gnoll sergeant is heavily wounded.
You feel very sick. The gnoll sergeant blocks your attack.
You headbutt the gnoll sergeant.
The gnoll sergeant is heavily wounded.
You feel very sick.
The gnoll sergeant hits you with a +3 spear of venom.
You are lethally poisoned!
You hit the gnoll sergeant. You burn the gnoll sergeant.
The gnoll sergeant is severely wounded.
You feel very sick.
The gnoll sergeant hits you with a +3 spear of venom!
* * * LOW HITPOINT WARNING * * *
You are more poisoned.
The gnoll sergeant blocks your attack.
The gnoll sergeant is severely wounded.
* * * LOW HITPOINT WARNING * * *
You feel very sick.
The gnoll sergeant hits you with a +3 spear of venom.
* * * LOW HITPOINT WARNING * * *
You are more poisoned.
You hit the gnoll sergeant. You burn the gnoll sergeant.
The gnoll sergeant is almost dead.
You die...

##'#'##.########.##.# #.# #.#
##.#.##.# #...##.###.# #.#
'..#.##.# ####.####..##.# #.#
####.##.# #......#.).##.######.#
# #.##.###....#.#.............#
####.##.#.'....#.##.....########
##......#.#....#........#
.####.###.#....#####....#
..##......#...gg@.......#
#..##'#####....#####..#.#
.#..##.# #....# #..#.# #.#..###
.... #..#.# ...#..# ### .....#
#.#.#..# ####..# .#...#.# .>#
#.#.#..' #.# .#.#...


You could see a gnoll sergeant and a gnoll.

Vanquished Creatures
  Eustachio (D:4)
  Menkaure (D:4)
  Duvessa (D:4)
  An ice beast (D:5)
  A black bear (D:5)
  A necrophage (D:4)
  An ogre (D:5)
  A phantom (D:4)
  A gnoll sergeant (D:5)
  5 scorpions
  A water moccasin skeleton (D:5)
  Dowan (D:4)
  A bullfrog zombie (D:5)
  A gnoll shaman (D:5)
  A jelly (D:5)
  A centaur skeleton (D:5)
  5 iguanas (D:5)
  A scorpion zombie (D:5)
  3 adders
  7 gnolls
  A white imp (D:5)
  8 orcs
  10 endoplasms
  4 giant cockroaches
  6 goblins
  5 hobgoblins
  4 quokkas
  3 ball pythons
  4 bats
  19 frilled lizards
  8 kobolds
  7 rats
115 creatures vanquished.

Vanquished Creatures (others)
  5 plants (D:1)
5 creatures vanquished.

Grand Total: 120 creatures vanquished

Notes
Turn   | Place    | Note
-------+----------+-------------------------------------------
     0 | D:1      | issech the Minotaur Monk began the quest for the Orb.
     0 | D:1      | Reached XP level 1. HP: 19/19 MP: 0/0
   112 | D:1      | Reached XP level 2. HP: 23/27 MP: 1/1
   221 | D:1      | Reached skill level 4 in Axes
   315 | D:1      | Found a faded altar of an unknown god.
   811 | D:1      | Reached XP level 3. HP: 33/33 MP: 2/2
  1522 | D:2      | Reached skill level 1 in Slings
  1633 | D:2      | Found a sparkling altar of Nemelex Xobeh.
  1757 | D:3      | Reached XP level 4. HP: 41/41 MP: 3/3
  2168 | D:3      | Got the Incunabulum of Enchanting Illusion
  2655 | D:4      | Noticed Dowan
  2806 | D:4      | Noticed Eustachio
  2850 | D:4      | Noticed Duvessa
  3172 | D:4      | Noticed Menkaure
  3172 | D:4      | Noticed a phantom
  3172 | D:4      | Noticed a necrophage
  3302 | D:4      | Killed Menkaure
  3303 | D:4      | Reached skill level 5 in Fighting
  3303 | D:4      | Reached XP level 5. HP: 20/48 MP: 4/4
  3334 | D:4      | Killed a necrophage
  3335 | D:4      | Reached skill level 5 in Axes
  3335 | D:4      | Reached XP level 6. HP: 13/56 MP: 5/5
  3958 | D:4      | You fall into a shaft and drop 1 floor!
  3958 | D:5      | Entered Level 5 of the Dungeon
  3966 | D:5      | HP: 1/56 [ogre/+0 giant spiked club (21)]
  3968 | D:5      | Reached skill level 6 in Axes
  3968 | D:5      | Reached XP level 7. HP: 1/61 MP: 6/6
  4356 | D:5      | Reached skill level 5 in Armour
  4586 | D:5      | Reached skill level 7 in Axes
  4586 | D:5      | Reached XP level 8. HP: 43/70 MP: 7/7
  4735 | D:5      | Found Waic's Assorted Antiques.
  5418 | D:5      | Reached skill level 8 in Axes
  5581 | D:4      | Killed Duvessa
  5593 | D:4      | Killed Dowan
  5720 | D:4      | Killed Eustachio
  6180 | D:4      | Succumbed to a gnoll sergeant's poison

Illustrated notes

Levels and vault maps discovered:
D:1:      minmay_arrival_solitary_statue, layout_basic,
          nicolae_ecumenical_lake_church, minmay_lizard_king
D:2:      layout_rooms, basic_altar, minivault_25
D:3:      layout_basic
D:4:      layout_basic, kennysheep_cluttered_room, mrwooster_statue_mirror,
          hangedman_decor_points, uniq_duvessa, uniq_menkaure, uniq_eustachio
D:5:      minmay_recursive_quarters, layout_basic, serial_shops, shop_coins,
          lightli_minifort

Skill      XL: |  1  2  3  4  5  6  7  8 |
---------------+-------------------------+-----
Fighting       | 4 5 6 |  6.7
Axes           | 4 5 6 7 8 |  8.4
Slings         | 1 2 3 |  3.3
Armour         | 2 4 6 7 |  7.7
Dodging        | 4 |  4.1
Throwing       | |  0.3
Stealth        | |  1.9
Unarmed Combat | |  0.8

Action                   |  1- 3 |  4- 6 |  7- 9 || total
-------------------------+-------+-------+-------++-------
Melee: Hand axe          |    43 |    63 |   131 ||   237
       Headbutt          |     8 |    14 |    33 ||    55
       War axe           |       |    22 |       ||    22
       Unarmed           |       |       |    11 ||    11
       Punch             |       |       |     1 ||     1
 Fire: Hunting sling     |    70 |     4 |       ||    74
Throw: Stone             |       |     4 |       ||     4
 Stab: Confused          |       |       |     1 ||     1
Armor: Robe              |     5 |       |       ||     5
       Chain mail        |    22 |    34 |    54 ||   110
       Skin              |       |       |     2 ||     2
Dodge: Dodged            |    31 |    35 |    54 ||   120
